 Dungeon Crawl Stone Soup version 0.21-a0-498-g1b60429 (webtiles) character file.

30822 mortelune the Basher (level 13, -5/84 HPs)
             Began as a Gargoyle Fighter on Nov 24, 2017.
             Was an Elder of Qazlal.
             Slain by an eight-headed hydra (7 damage)
             ... on level 1 of the Lair of Beasts.
             The game lasted 00:57:18 (14458 turns).

mortelune the Basher (Gargoyle Fighter)            Turns: 14458, Time: 00:57:18

Health: -5/84      AC: 32    Str: 27    XL:     13   Next: 54%
Magic:  13/20      EV:  6    Int: 10    God:    Qazlal [****..]
Gold:   594        SH: 16    Dex: 12    Spells: 12/12 levels left

rFire    + . .     SeeInvis .   a - +1 flail (drain)
rCold    . . .     Gourm    .   c - +0 shield
rNeg     + . .     Faith    .   S - +0 chain mail {rF+}
rPois    ∞         Spirit   .   B - +1 hat {MR+}
rElec    +         Reflect  .   W - +2 cloak
rCorr    .         Harm     .   t - +0 pair of gloves {Str+3}
MR       +....                  R - +0 pair of boots
Stlth    ..........             Y - amulet of regeneration
HPRegen  0.64/turn              Q - ring of stealth
MPRegen  0.17/turn              x - +3 ring of dexterity

@: about to teleport, protected from physical damage, repel missiles
A: negative energy resistance 1, electricity resistance, unbreathing,
petrification resistance, rot immunity, AC +9
a: Upheaval, Elemental Force, Renounce Religion


You were on level 1 of the Lair of Beasts.
You worshipped Qazlal.
Qazlal was greatly pleased with you.
You were near starving.

You visited 3 branches of the dungeon, and saw 16 of its levels.

You collected 594 gold pieces.

Inventory:

Hand Weapons
 a - a +1 flail of draining (weapon)
Missiles
 C - 3 throwing nets (quivered)
Armour
 c - a +0 shield (worn)
 t - a +0 pair of gloves of strength (worn)
 B - a +1 hat of magic resistance (worn)
 R - a +0 pair of boots (worn)
 S - a +0 chain mail of fire resistance (worn)
 W - a +2 cloak (worn)
 X - a +2 ring mail of cold resistance
Jewellery
 d - a +4 amulet of reflection
 i - an uncursed ring of flight
 k - an uncursed ring of stealth
 m - an uncursed ring of wizardry
 x - a +3 ring of dexterity (right hand)
 z - an uncursed ring of ice
 L - an uncursed ring of magical power
 Q - a ring of stealth (left hand)
 Y - an amulet of regeneration (around neck)
Wands
 b - a wand of digging (13)
 l - a wand of polymorph (10)
 q - a wand of disintegration (13)
 E - a wand of iceblast (17)
 K - a wand of flame (22)
Scrolls
 h - a scroll of blinking {unknown}
 j - a scroll of teleportation
 p - a scroll of enchant weapon
 v - a scroll of torment {unknown}
 y - a scroll of magic mapping {unknown}
 I - 2 scrolls of vulnerability
 M - 4 scrolls of remove curse
 N - 2 scrolls of silence {unknown}
 O - a scroll of fog
 P - a scroll of immolation
 T - a scroll of amnesia {unknown}
Potions
 e - 3 potions of flight
 g - a potion of degeneration
 n - a potion of magic
 o - 4 potions of lignification
 r - 5 potions of curing
 w - 3 potions of mutation
 F - a potion of haste
 G - a potion of agility
 J - a potion of ambrosia
 U - a potion of brilliance
 V - 2 potions of heal wounds
Comestibles
 f - a bread ration
 s - 28 fruits
 u - 7 meat rations
 A - 6 royal jellies


   Skills:
 + Level 11.6 Fighting
 * Level 14.2 Maces & Flails
 + Level 11.6 Armour
 + Level 4.6 Shields
 + Level 10.2 Invocations


You had 12 spell levels left.
You didn't know any spells.

Dungeon Overview and Level Annotations

Branches:
Dungeon (13/15)            Temple (1/1) D:5            Lair (2/6) D:11
    Orc (0/2) D:11         Vaults (0/5) D:13
  Swamp: Lair:2-4    Shoals: Lair:2-4     Snake: Lair:2-4    Spider: Lair:2-4

Altars:
Ashenzari
Cheibriados
Dithmenos
Elyvilon
Fedhas
Gozag
Hepliaklqana
Kikubaaqudgha
Makhleb
Nemelex Xobeh
Okawaru
Qazlal
Ru
Sif Muna
Trog
Uskayaw
Vehumet
Wu Jian
Xom
Yredelemnul
Zin
The Shining One

Annotations:
D:13 Nessos, Rupert


Innate Abilities, Weirdness & Mutations

You are resistant to torment.
Your stone body is resilient. (AC +9)
You are immune to poison.
You resist negative energy. (rN+)
You are resistant to electric shocks. (rElec)
You can survive without breathing.
You are immune to petrification.
You are immune to rotting.


Message History

The eight-headed hydra barely misses you.
The eight-headed hydra bites you but does no damage.
The bullfrog hits you but does no damage.
As you read the scroll of teleportation, it crumbles to dust.
You feel strangely unstable. You block the bullfrog's attack.
The eight-headed hydra bites you but does no damage. x2
The eight-headed hydra bites you!
* * * LOW HITPOINT WARNING * * *
You block the eight-headed hydra's attack. x3
The eight-headed hydra bites you but does no damage. x2
The bullfrog hits you but does no damage.
You block the bullfrog's attack. The eight-headed hydra bites you.
* * * LOW HITPOINT WARNING * * *
You block the eight-headed hydra's attack. x2
The eight-headed hydra bites you!
* * * LOW HITPOINT WARNING * * *
You block the eight-headed hydra's attack.
The eight-headed hydra bites you!
You die...

.................................
.................................
.................................
........#...#.##.................
#..............#....#.###+.#.....
#.....#........#.###.......P.....
.............#.#F>.#.#.....P....#
P...........##.≈§D...##....#....#
#.....#....##.§§@♣....##........+
#.....#...##...#♣.......#..P....#
#.....#...#....#...##......#....#
#........#...#.##..##.....##....#
......#......###....##....##.....
.......+...................+.....
.......#♣.....♣..>..♣.....♣......
...........................+.....
........##...###...#......#......


You could see an eight-headed hydra and a bullfrog.

Vanquished Creatures
  Gastronok (D:8)
  Fannar (D:11)
  A centaur warrior (D:13)
  A hydra (D:10)
  6 two-headed ogres
  Nergalle (Lair:1)
  An unseen horror (D:12)
  The ghost of mortelune the Cleaver, a novice GrFi of Makhleb (D:7)
  An orc knight (D:13)
  A deep elf mage (D:12)
  An ugly thing (D:12)
  3 cyclopes
  2 spiny frogs (Lair:1)
  2 gargoyles
  5 trolls
  A hornet (D:11)
  3 blink frogs (Lair:2)
  2 dream sheep (D:10)
  5 hippogriffs
  The ghost of Thaneod the Skirmisher, an amateur MiBe of Trog (D:4)
  The ghost of Thaneod the Skirmisher, an amateur MiBe of Trog (D:3)
  A wraith (D:11)
  A wyvern (D:13)
  A basilisk (Lair:1)
  2 yaks (D:10)
  11 humans
  3 hungry ghosts
  Menkaure (D:7)
  A steam dragon (D:12)
  3 wargs (D:11)
  An acid dragon (D:11)
  6 water moccasins
  3 porcupines
  Duvessa (D:6)
  2 hornet zombies
  3 ice beasts
  4 orc warriors
  3 phantoms
  3 black bears
  8 sky beasts
  5 wolves (Lair:1)
  6 ogres
  A boggart (D:13)
  2 crocodiles (Lair:1)
  14 centaurs
  4 big kobolds (D:10)
  14 bullfrogs
  A gnoll sergeant (D:7)
  A wyvern zombie (D:10)
  Dowan (D:6)
  3 scorpions
  27 killer bees
  3 electric eels (D:10)
  3 howler monkeys (D:7)
  2 crimson imps
  2 centaur zombies
  2 quasits
  2 bullfrog zombies
  4 jellies
  15 orc wizards
  6 hounds
  8 orc priests
  3 centaur skeletons
  Jessica (D:2)
  2 bullfrog skeletons
  3 iguanas
  8 worker ants
  A killer bee zombie (D:7)
  A hound skeleton (D:8)
  Robin (D:2)
  10 gnolls
  A worker ant zombie (D:9)
  3 howler monkey skeletons
  12 adders
  A river rat (Lair:1)
  A shadow imp (D:13)
  3 oozes
  2 adder skeletons
  A worm (D:2)
  5 dart slugs
  6 leopard geckos
  47 orcs
  2 giant cockroaches
  14 goblins
  18 hobgoblins
  20 jackals
  9 kobolds
  6 quokkas
  4 ball pythons
  11 bats
  3 frilled lizards (D:2)
  2 jackal skeletons
  A leopard gecko skeleton (D:5)
  12 rats
439 creatures vanquished.

Vanquished Creatures (collateral kills)
  Frances (D:12)
  A bullfrog zombie (D:13)
2 creatures vanquished.

Vanquished Creatures (others)
  2 gnolls (D:10)
  3 plants (D:10)
5 creatures vanquished.

Grand Total: 446 creatures vanquished

Notes
Turn   | Place    | Note
-------+----------+-------------------------------------------
     0 | D:1      | mortelune the Gargoyle Fighter began the quest for the Orb.
     0 | D:1      | Reached XP level 1. HP: 14/14 MP: 1/1
   120 | D:1      | Reached XP level 2. HP: 19/19 MP: 2/2
   477 | D:1      | Reached XP level 3. HP: 23/23 MP: 3/3
   626 | D:1      | Reached skill level 3 in Maces & Flails
  1533 | D:2      | Reached XP level 4. HP: 29/29 MP: 4/4
  1693 | D:2      | You fall through a shaft for 2 floors!
  1793 | D:3      | Noticed Thaneod's ghost (amateur MiBe)
  1825 | D:3      | Found a hazy altar of Hepliaklqana.
  1825 | D:3      | Found a shadowy altar of Dithmenos.
  1859 | D:3      | Found a shimmering altar of Xom.
  2141 | D:2      | Found a white marble altar of Elyvilon.
  2402 | D:2      | Noticed Jessica
  2409 | D:2      | Killed Jessica
  2409 | D:2      | Reached skill level 4 in Maces & Flails
  2409 | D:2      | Reached XP level 5. HP: 33/33 MP: 5/5
  2694 | D:2      | Noticed Robin
  2728 | D:2      | Killed Robin
  3011 | D:3      | Killed Thaneod's ghost
  3011 | D:3      | Reached XP level 6. HP: 30/39 MP: 6/6
  3715 | D:3      | Reached skill level 5 in Maces & Flails
  4229 | D:4      | Reached skill level 5 in Fighting
  4319 | D:4      | Reached skill level 5 in Armour
  4319 | D:4      | Reached XP level 7. HP: 41/44 MP: 7/7
  4418 | D:4      | Noticed Thaneod's ghost (amateur MiBe)
  4927 | D:4      | Killed Thaneod's ghost
  4927 | D:4      | Reached skill level 6 in Maces & Flails
  5017 | D:4      | Reached XP level 8. HP: 51/51 MP: 8/8
  5074 | D:5      | Entered Level 5 of the Dungeon
  5160 | D:5      | Found a shimmering altar of Xom.
  5161 | D:5      | Found a sparkling altar of Nemelex Xobeh.
  5161 | D:5      | Found a basalt altar of Yredelemnul.
  5162 | D:5      | Found a sacrificial altar of Ru.
  5162 | D:5      | Found a deep blue altar of Sif Muna.
  5162 | D:5      | Found a deep blue altar of Sif Muna.
  5164 | D:5      | Found a shimmering altar of Xom.
  5164 | D:5      | Found a hide-covered altar of Uskayaw.
  5165 | D:5      | Found a shimmering altar of Xom.
  5165 | D:5      | Found a sacrificial altar of Ru.
  5168 | D:5      | Found a white marble altar of Elyvilon.
  5168 | D:5      | Found a hazy altar of Hepliaklqana.
  5174 | D:5      | Found a staircase to the Ecumenical Temple.
  5179 | Temple   | Entered the Ecumenical Temple
  5239 | Temple   | Became a worshipper of Qazlal Stormbringer
  5397 | D:5      | Reached skill level 1 in Invocations
  5484 | D:5      | Reached skill level 7 in Maces & Flails
  5967 | D:6      | Noticed Dowan
  5969 | D:6      | Noticed Duvessa
  5977 | D:6      | Killed Duvessa
  5984 | D:6      | Killed Dowan
  6636 | D:6      | Reached * piety under Qazlal
  6636 | D:6      | Reached XP level 9. HP: 53/56 MP: 11/11
  6757 | D:7      | Reached skill level 8 in Maces & Flails
  6775 | D:7      | Noticed Menkaure
  7044 | D:7      | Reached ** piety under Qazlal
  7063 | D:7      | Reached skill level 9 in Maces & Flails
  7158 | D:7      | Killed Menkaure
  7289 | D:7      | Found a blossoming altar of Fedhas.
  7342 | D:7      | Reached skill level 5 in Invocations
  7342 | D:7      | Reached XP level 10. HP: 64/64 MP: 13/13
  7399 | D:7      | Noticed mortelune's ghost (novice GrFi)
  7447 | D:7      | Killed mortelune's ghost
  7888 | D:8      | Noticed Gastronok
  7921 | D:8      | Killed Gastronok
  7921 | D:8      | Reached skill level 10 in Maces & Flails
  8050 | D:8      | Found an ornate altar of the Wu Jian Council.
  8114 | D:8      | Noticed a two-headed ogre
  8122 | D:8      | Killed a two-headed ogre
  8122 | D:8      | Reached XP level 11. HP: 53/69 MP: 15/15
  8216 | D:8      | Reached *** piety under Qazlal
  8358 | D:8      | Found a radiant altar of Vehumet.
  8359 | D:8      | Found a deep blue altar of Sif Muna.
  8386 | D:8      | Noticed a two-headed ogre
  8404 | D:8      | Killed a two-headed ogre
  8404 | D:8      | Reached skill level 11 in Maces & Flails
  9718 | D:10     | Entered Level 10 of the Dungeon
 10135 | D:10     | Reached **** piety under Qazlal
 10266 | D:10     | Reached skill level 12 in Maces & Flails
 10557 | D:10     | Noticed a three-headed hydra
 10561 | D:10     | Killed a three-headed hydra
 10561 | D:10     | Reached skill level 10 in Armour
 10816 | D:11     | Reached skill level 10 in Fighting
 10857 | D:11     | Noticed a cyclops
 10863 | D:11     | Killed a cyclops
 10863 | D:11     | Reached XP level 12. HP: 77/77 MP: 18/18
 11067 | D:11     | Noticed a two-headed ogre
 11080 | D:11     | Killed a two-headed ogre
 11102 | D:11     | Paralysed by fainting for 5 turns
 11285 | D:11     | Found a staircase to the Orcish Mines.
 11287 | D:11     | Noticed a two-headed ogre
 11296 | D:11     | Killed a two-headed ogre
 11340 | D:11     | Noticed a two-headed ogre
 11353 | D:11     | Killed a two-headed ogre
 11418 | D:11     | Found a staircase to the Lair.
 11629 | D:11     | Noticed Fannar
 11649 | D:11     | Killed Fannar
 11731 | D:11     | Reached skill level 13 in Maces & Flails
 11739 | D:11     | Reached ***** piety under Qazlal
 12380 | D:12     | Noticed Frances
 12399 | D:12     | Killed Frances
 12779 | D:12     | Noticed a two-headed ogre
 12782 | D:12     | Reached XP level 13. HP: 78/84 MP: 20/20
 13246 | D:13     | Noticed Nessos
 13249 | D:13     | Noticed Rupert
 13478 | D:13     | Reached skill level 14 in Maces & Flails
 13480 | D:13     | Reached skill level 10 in Invocations
 13482 | D:13     | Found a gate to the Vaults.
 13547 | Lair:1   | Entered Level 1 of the Lair of Beasts
 13589 | Lair:1   | Noticed Nergalle
 13615 | Lair:1   | Killed Nergalle
 14458 | Lair:1   | HP: 2/84 [eight-headed hydra (8)]
 14458 | Lair:1   | Slain by an eight-headed hydra

Vault maps used:
D:1:      lightli_arrival_statuegarden, serial_bayou_lagoon_b
D:2:      elyvilon_altar_4, uniq_robin, uniq_jessica
D:3:      chequers_temple_overflow_statue_of_worship, first_bread,
          xom_teletrap_fun
D:4:      hangedman_abyss_or_decor_stagger, guppyfry_early_lair_pool
D:5:      temple_doors_ab
D:6:      uniq_duvessa
D:7:      fedhas_altar_1, uniq_menkaure
D:8:      gammafunk_temple_overflow_pools, lemuel_crystal_altar, uniq_gastronok
D:10:     serial_bayou, serial_bayou_pond_d, serial_bayou_lake_a,
          serial_bayou_crossing, serial_bayou_shore_b, serial_bayou_pond_e,
          hangedman_ranch
D:11:     erik_lair_orcish_takeover, orc_0_dummy, st_stairs_4,
          minmay_misc_feat_chi, uniq_fannar
D:12:     uniq_frances
D:13:     david_vaults_3, lemuel_flamethrower_3
Temple:   regret_index_temple_waves
Lair:1:   pond, grunt_megastairs_5, uniq_nergalle
Lair:2:   lemuel_fruit_fields, lemuel_fruit_fields

Skill      XL: |  1  2  3  4  5  6  7  8  9 10 11 12 13 |
---------------+----------------------------------------+-----
Maces & Flails | 3 4 5 6 7 9 10 12 13 14 | 14.2
Fighting       | 4 5 6 7 8 10 11 | 11.6
Armour         | 4 5 6 7 9 10 11 | 11.6
Invocations    | 3 5 6 8 9 10 | 10.2
Shields        | 4 |  4.6

Action                   |  1- 3 |  4- 6 |  7- 9 | 10-12 | 13-15 || total
-------------------------+-------+-------+-------+-------+-------++-------
Melee: Flail             |   135 |   317 |   399 |   804 |   243 ||  1898
       War axe           |       |       |       |     9 |       ||     9
Invok: Upheaval          |       |       |       |     2 |       ||     2
       Elemental Force   |       |       |       |     1 |     1 ||     2
       Disaster Area     |       |       |       |       |     2 ||     2
  Use: Potion            |       |     1 |     1 |     3 |     2 ||     7
       Scroll            |       |     4 |     8 |     9 |     3 ||    24
  Eat: Chunk             |     2 |     9 |     9 |    14 |     2 ||    36
       Royal jelly       |       |       |     1 |       |     1 ||     2
       Bread ration      |       |       |       |     2 |       ||     2
Armor: Scale mail        |    76 |   234 |    16 |   127 |       ||   453
       Chain mail        |       |       |   178 |   219 |   181 ||   578
       Ring mail         |       |       |       |    31 |       ||    31
Dodge: Dodged            |    43 |   117 |    81 |   141 |    65 ||   447
       Deflected         |       |       |       |     3 |     2 ||     5
Block: Shield            |    96 |   217 |   217 |   592 |   239 ||  1361

Table legend:
 A = Spawn XP
 B = Non-spawn XP
 C = Spawn XP percentage of total XP
 D = Spawn monster count
 E = Non-spawn monster count
 F = Spawn count percentage of total count
 G = Total turns spent on level
                    A         B        C        D         E        F      G
               +---------+---------+-------+---------+---------+-------+---------
         Total |       0 |   44032 |   0.0 |       0 |     441 |   0.0 | 14458
               +---------+---------+-------+---------+---------+-------+---------
           D:1 |       0 |      75 |   0.0 |       0 |      37 |   0.0 |  1434
           D:2 |       0 |     150 |   0.0 |       0 |      46 |   0.0 |  1631
           D:3 |       0 |     338 |   0.0 |       0 |      20 |   0.0 |  1126
           D:4 |       0 |     645 |   0.0 |       0 |      18 |   0.0 |   883
           D:5 |       0 |     456 |   0.0 |       0 |      11 |   0.0 |   755
           D:6 |       0 |     781 |   0.0 |       0 |      16 |   0.0 |   849
           D:7 |       0 |    3084 |   0.0 |       0 |      54 |   0.0 |  1042
           D:8 |       0 |    5500 |   0.0 |       0 |      22 |   0.0 |  1079
           D:9 |       0 |    1770 |   0.0 |       0 |      34 |   0.0 |   819
          D:10 |       0 |    4508 |   0.0 |       0 |      44 |   0.0 |  1071
          D:11 |       0 |    8328 |   0.0 |       0 |      49 |   0.0 |  1272
          D:12 |       0 |    8425 |   0.0 |       0 |      42 |   0.0 |  1166
          D:13 |       0 |    5270 |   0.0 |       0 |      22 |   0.0 |   320
        Lair:1 |       0 |    3773 |   0.0 |       0 |      22 |   0.0 |   891
        Lair:2 |       0 |     929 |   0.0 |       0 |       4 |   0.0 |    20
               +---------+---------+-------+---------+---------+-------+---------
